 Dungeon Crawl Stone Soup version 0.20-a0-38-g7d30548 (console) character file.

235823 utis the Bludgeoner (level 20, -15/165 HPs)
             Began as a Formicid Abyssal Knight on Nov 8, 2016.
             Was the Champion of Lugonu.
             Demolished by a vault warden
             ... wielding a +0 bardiche
              (59 damage)
             ... on level 3 of the Vaults on Nov 10, 2016.
             The game lasted 04:12:40 (55896 turns).

utis the Bludgeoner (Formicid Abyssal Knight)      Turns: 55896, Time: 04:12:41

Health: -15/165    AC: 26    Str: 35    XL:     20   Next: 43%
Magic:  23/29      EV: 13    Int: 14    God:    Lugonu [******]
Gold:   1323       SH: 25    Dex: 13    Spells: 4 memorised, 23 levels left

rFire  . . .     SeeInvis +     a - +6 great mace (elec)
rCold  . . .     Gourm    .     z - +8 plate armour of Hysteria {MR+ Dex+3}
rNeg   + . .     Faith    .     V - +1 large shield {rN+}
rPois  +         Spirit   .     (helmet unavailable)
rElec  .         Reflect  +     T - +1 cloak
rCorr  .         Harm     .     U - +2 pair of gloves {archery}
MR     +++..                    Y - +2 pair of boots
Stlth  ..........               e - +4 amulet of reflection
                                s - +5 ring of strength
                                k - +6 ring of strength

@: corroded, repel missiles
A: permanent stasis, dig shafts and tunnels, four strong arms, antennae 3,
deterioration 1, poison resistance, subdued magic 1
a: Dig, Shaft Self, Depart the Abyss, Bend Space, Banish, Corrupt, Enter the
Abyss, Renounce Religion
}: 1/15 runes: gossamer


You were on level 3 of the Vaults.
You worshipped Lugonu.
Lugonu was exalted by your worship.
You were hungry.

You visited 5 branches of the dungeon, and saw 30 of its levels.
You visited the Abyss 1 time.

You collected 3753 gold pieces.
You spent 2430 gold pieces at shops.

Inventory:

Hand Weapons
 a - a +6 great mace of electrocution (weapon)
 c - a +0 blowgun {@w1}
 r - a +4 dire flail of distortion {!w}
Missiles
 j - 5 curare-tipped needles {=f}
 m - 56 tomahawks (quivered)
 n - a throwing net {=f}
 B - 2 poisoned tomahawks
 G - 63 poisoned needles
 P - 5 tomahawks of returning
 Q - 10 javelins
Armour
 z - the +8 plate armour of Hysteria (worn) {MR+ Dex+3}
   (You bought it in a shop on level 2 of the Orcish Mines)

   It affects your dexterity (+3).
   It affects your resistance to hostile enchantments.
 T - a +1 cloak (worn)
 U - a +2 pair of gloves of archery (worn)
 V - a +1 large shield of positive energy (worn)
 Y - a +2 pair of boots (worn)
Magical Staves
 b - an uncursed staff of wizardry {!a}
Jewellery
 e - a +4 amulet of reflection (around neck)
 f - an uncursed ring of protection from fire
 k - a +6 ring of strength (left hand)
 s - a +5 ring of strength (right hand)
 C - an uncursed ring of protection from cold
 L - an uncursed ring of flight
 N - an uncursed ring of positive energy
 Z - an uncursed ring of wizardry
Wands
 g - a wand of teleportation (9/9) {@v4}
 h - a wand of acid (10/15)
 y - a wand of iceblast (10/15)
 A - a wand of polymorph (6/24)
 D - a wand of lightning (5/15)
 I - a wand of iceblast (5/15)
Scrolls
 i - a scroll of summoning
 o - 4 scrolls of identify {@r1}
 q - 5 scrolls of fog
 E - 4 scrolls of magic mapping
 W - a scroll of fear
Potions
 d - 3 potions of flight
 t - a potion of agility
 u - 8 potions of curing {@q1}
 x - 5 potions of heal wounds {@q2}
 F - a potion of brilliance
 J - 2 potions of magic
 M - 3 potions of cancellation
 X - a potion of might
Miscellaneous
 p - a phial of floods
 w - a fan of gales
 K - 3 phantom mirrors
 R - a box of beasts
Comestibles
 l - 11 fruits {@e2}
 v - 7 beef jerkies {@e2}
 H - 10 bread rations {@e1}
 O - 3 chunks of flesh
 S - 11 meat rations {@e1}


   Skills:
 - Level 16.3 Fighting
 - Level 18.0 Maces & Flails
 - Level 5.2 Throwing
 - Level 15.1 Armour
 - Level 11.0 Dodging
 + Level 10.7 Shields
 - Level 5.2 Spellcasting
 - Level 5.1 Charms
 - Level 5.2 Summonings
 - Level 12.9 Invocations
 - Level 6.6 Evocations


You had 23 spell levels left.
You knew the following spells:

 Your Spells              Type           Power        Failure   Level  Hunger
a - Apportation           Tloc           #.........   99%         1    None
r - Repel Missiles        Chrm/Air       #.....       89%         2    ##.....
B - Summon Butterflies    Summ           ##......     17%         1    None
W - Swiftness             Chrm/Air       #.......     89%         2    ##.....


Dungeon Overview and Level Annotations

Branches:
Dungeon (15/15)            Temple (0/1) D:7            Lair (6/6) D:9
 Spider (4/4) Lair:2        Slime (0/5) Lair:6          Orc (2/2) D:10
    Elf (0/3) Orc:2        Vaults (3/5) D:14         Depths (0/5) D:15
  Swamp: Lair:2-4    Shoals: Lair:2-4     Crypt: Vaults:2-3

Altars:
Ashenzari
Dithmenos
Elyvilon
Fedhas
Hepliaklqana
Makhleb
Sif Muna
Uskayaw
Zin
Beogh

Shops:
D:3 *   D:6 (   D:12 (   D:15 !*   Orc:2 [(((*   Vaults:2 [

Annotations:
D:8 Sagrath01's ghost, novice HEAE
Lair:4 Josephine
Spider:2 exclusion: Roxanne, Roxanne
Spider:4 corrupted
Orc:2 exclusion: upstairs
Abyss:1 Saint Roka


Innate Abilities, Weirdness & Mutations

You are under a permanent stasis effect.
You can dig through walls and to a lower floor.
Your four strong arms can wield two-handed weapons with a shield.
You have a pair of large antennae on your head. (SInv)
Your body sometimes deteriorates upon taking damage.
Your system is resistant to poisons. (rPois)
Your spells are a little easier to cast, but a little less powerful.


Message History

The ironheart preserver begins to accept its allies' injuries.
The ironbrand convoker closely misses you.
There is a sealed passage leading up, spattered with blood here.
A magical barricade bars your way!
Unknown command.
Unknown command.
A magical barricade bars your way!
Unknown command.
Press: ? - help, Shift-Dir - straight line, f - vault warden
Aim: a vault warden, wielding a bardiche and wearing a plate armour (unusually strong, sheltered from injuries, chance to defeat MR: 61%)
The vault warden resists with significant effort.
You are feeling hungry.
The deep elf knight gestures at you while chanting.
The stone arrow reflects off an invisible shield around you!
The stone arrow hits the deep elf knight.
You block the entropy weaver's attack. The entropy weaver misses you.
The entropy weaver closely misses you. The entropy weaver hits you!
* * * LOW HITPOINT WARNING * * *
The vault warden hits you from afar with a bardiche!!!
You die...

▒▒▒▒▒▒+▒▒
▒.....➘.▒
▒.➘pp...▒
▒..c.a..▒
▒...pap➘▒
▒....e..▒
▒.......▒
▒.......▒
▒+▒▒▒▒▒▒▒
▒.▒ ▒. ▒▒


You could see an ironheart preserver, a vault warden, a yaktaur captain, an
entropy weaver, a deep elf knight and 2 ironbrand convokers.

Vanquished Creatures
  Nikola (Vaults:1)
  The ghost of Oozefury the Bludgeoner, an adept FoWr of Okawaru (Spider:1)
  Frances (D:13)
  A sphinx (Vaults:1)
  Kirke (Spider:1)
  Donald (Vaults:1)
  3 emperor scorpions
  A vault warden (Vaults:2)
  3 ghost moths
  2 orc warlords
  2 ironheart preservers (Vaults:1)
  3 stone giants
  6 entropy weavers
  3 spark wasps
  5 dire elephants
  Snorg (Lair:3)
  4 ettins
  A fire dragon (Vaults:1)
  2 great orbs of eyes
  A rakshasa (Vaults:2)
  3 yaktaur captains
  9 hydras
  Harold (Lair:4)
  7 vault guards
  Erolcha (Orc:2)
  2 anacondas
  6 centaur warriors
  2 death knights
  7 ogre magi
  A tengu warrior (D:14)
  3 death yaks (Lair:4)
  2 naga sharpshooters (D:15)
  2 orc high priests (Orc:2)
  Urug (Lair:4)
  A deep elf knight (Vaults:2)
  Sonja (Orc:2)
  3 skeletal warriors (Vaults:2)
  A flayed ghost (D:13)
  A deep troll (D:14)
  2 unseen horrors
  A glowing orange brain (shapeshifter) (Vaults:1)
  A lindwurm (Lair:6)
  2 sea snakes (shapeshifter) (Vaults:1)
  5 ironbrand convokers
  6 orc knights
  2 wizards (Vaults:1)
  A phantasmal warrior (D:13)
  6 hill giants
  3 necromancers
  31 orb spiders
  8 orc sorcerers
  7 deep elf magi
  19 ugly things
  30 wolf spiders
  4 manticores
  3 cyclopes
  13 elephants
  2 moths of wrath
  4 black mambas
  8 centaur zombies
  5 vault sentinels
  A black mamba (shapeshifter) (D:15)
  4 torpor snails
  25 spiny frogs
  3 kobold demonologists
  2 efreet (D:13)
  3 freezing wraiths (Vaults:2)
  26 yaktaurs
  2 rime drakes
  A harpy zombie (D:14)
  15 demonic crawlers
  7 komodo dragons
  A redback zombie (D:14)
  4 trolls
  3 tengu conjurers
  A polar bear (Vaults:1)
  A wolf spider simulacrum (D:13)
  46 jumping spiders
  A tyrant leech (Lair:3)
  16 hornets
  8 two-headed ogres
  7 dream sheep
  9 hippogriffs
  20 slime creatures
  20 blink frogs
  4 flying skulls (D:11)
  88 redbacks
  43 tarantellas
  A vampire (D:11)
  3 shadows (D:11)
  A human (D:10)
  3 basilisks
  A human (shapeshifter) (D:14)
  3 hogs (Spider:1)
  5 wyverns
  37 yaks
  8 wraiths
  3 hungry ghosts
  6 vampire mosquitoes
  7 mottled dragons
  A steam dragon (Lair:6)
  15 wargs
  A soldier ant (D:13)
  17 water moccasins
  6 porcupines
  8 ice beasts
  6 black bears
  37 orc warriors
  4 sky beasts
  3 phantoms
  28 ogres
  15 centaurs
  13 wolves
  3 necrophages
  22 crocodiles
  6 big kobolds
  19 bullfrogs
  2 gnoll sergeants
  2 wyvern zombies (D:11)
  A wyvern skeleton (D:11)
  8 scorpions
  9 killer bees
  A water moccasin skeleton (D:11)
  4 wights
  6 howler monkeys
  An electric eel (Spider:1)
  8 crimson imps
  A quasit (D:11)
  3 bullfrog zombies
  8 hounds
  3 bullfrog skeletons
  6 jellies
  2 gnoll shamans
  24 orc priests
  4 centaur skeletons
  43 orc wizards
  Jessica (D:3)
  18 worker ants
  An iguana (D:11)
  5 hell rats (Lair:6)
  A killer bee zombie (D:10)
  A hound zombie (D:10)
  2 hound skeletons
  2 worker ant zombies
  A howler monkey skeleton (D:6)
  14 adders
  20 gnolls
  3 shadow imps
  4 oozes
  An adder zombie (D:6)
  A worm (D:5)
  A dart slug (D:1)
  7 leopard geckos
  A leopard gecko (shapeshifter) (D:13)
  148 orcs
  4 giant cockroaches
  5 goblins
  11 hobgoblins
  5 jackals
  22 kobolds
  6 quokkas
  2 ball pythons (D:1)
  4 bats (D:1)
  5 frilled lizards
  A leopard gecko skeleton (D:4)
  A quokka skeleton (D:5)
  9 rats
1346 creatures vanquished.

Vanquished Creatures (others)
  A ghost moth (Spider:4)
  A spark wasp (Spider:4)
  An ettin (D:13)
  A fire dragon (D:13)
  A hydra (Lair:3)
  A skeletal warrior (Vaults:2)
  A deep elf archer (Vaults:2)
  A hill giant (D:10)
  4 ironbrand convokers
  A wolf spider (Vaults:2)
  A moth of wrath (Spider:4)
  A vault sentinel (Vaults:2)
  5 yaktaurs
  A jumping spider (Spider:4)
  7 hornets (Spider:4)
  2 redbacks (Spider:4)
  A shadow (D:11)
  3 tarantellas (Spider:4)
  3 humans (Spider:1)
  A hungry ghost (D:7)
  An orc (Orc:1)
  12 fungi
  15 plants
66 creatures vanquished.

Grand Total: 1412 creatures vanquished

Notes
Turn   | Place    | Note
-------+----------+-------------------------------------------
     0 | Abyss:1  | utis the Formicid Abyssal Knight began the quest for the Orb.
     0 | Abyss:1  | Reached XP level 1. HP: 18/18 MP: 2/2
     2 | Abyss:1  | Found a corrupted altar of Lugonu.
    86 | Abyss:1  | Noticed a wretched star
    86 | D:1      | Escaped the Abyss
    88 | D:1      | sh...
   516 | D:1      | Reached XP level 2. HP: 23/24 MP: 3/3
   662 | D:1      | Reached * piety under Lugonu
   728 | D:1      | Reached skill level 3 in Maces & Flails
   967 | D:1      | Reached XP level 3. HP: 23/29 MP: 4/4
  2107 | D:2      | Reached XP level 4. HP: 32/35 MP: 5/5
  2166 | D:2      | Reached skill level 4 in Maces & Flails
  2929 | D:3      | Noticed Jessica
  2946 | D:3      | Killed Jessica
  3086 | D:3      | Reached ** piety under Lugonu
  3118 | D:3      | Reached XP level 5. HP: 41/41 MP: 6/6
  3157 | D:3      | Found a white marble altar of Elyvilon.
  3293 | D:3      | Reached skill level 5 in Maces & Flails
  3358 | D:3      | Found Zin's Purification Station.
  3694 | D:3      | Reached XP level 6. HP: 47/47 MP: 7/7
  3921 | D:3      | Found a glowing silver altar of Zin.
  4173 | D:3      | Reached skill level 6 in Maces & Flails
  5042 | D:4      | Reached XP level 7. HP: 50/54 MP: 8/8
  5297 | D:4      | Found a blossoming altar of Fedhas.
  5464 | D:4      | Reached skill level 7 in Maces & Flails
  6231 | D:5      | Entered Level 5 of the Dungeon
  6461 | D:5      | Reached *** piety under Lugonu
  6528 | D:5      | Reached XP level 8. HP: 61/61 MP: 8/10
  6813 | D:5      | Reached skill level 5 in Invocations
  8046 | D:6      | Found Tyirul's Weapon Emporium.
  8238 | D:6      | Reached XP level 9. HP: 26/66 MP: 13/15
  9193 | D:6      | Reached skill level 5 in Fighting
  9661 | D:6      | Found a deep blue altar of Sif Muna.
 10104 | D:7      | Found a staircase to the Ecumenical Temple.
 10127 | D:7      | Found a shattered altar of Ashenzari.
 10182 | D:7      | Found a burning altar of Makhleb.
 10184 | D:7      | Noticed a hippogriff
 10206 | D:7      | Killed a hippogriff
 10206 | D:7      | Reached skill level 5 in Armour
 10266 | D:7      | Noticed a hippogriff
 10311 | D:7      | Killed a hippogriff
 10414 | D:7      | Found a hide-covered altar of Uskayaw.
 10559 | D:7      | Found a hazy altar of Hepliaklqana.
 10858 | D:7      | Reached XP level 10. HP: 66/76 MP: 16/16
 11235 | D:8      | Noticed Sagrath01's ghost (novice HEAE)
 11242 | D:8      | You fall through a shaft for 3 floors!
 11585 | D:11     | Reached **** piety under Lugonu
 11835 | D:11     | Reached skill level 8 in Maces & Flails
 12160 | D:10     | Entered Level 10 of the Dungeon
 12173 | D:10     | Noticed a hill giant
 12498 | D:11     | Reached skill level 9 in Maces & Flails
 12612 | D:10     | Noticed a hill giant
 12614 | D:10     | Banished a hill giant
 12865 | D:10     | Reached XP level 11. HP: 80/86 MP: 17/17
 13186 | D:9      | Found a staircase to the Lair.
 13205 | D:9      | Reached skill level 10 in Maces & Flails
 13223 | D:9      | Reached ***** piety under Lugonu
 13696 | D:9      | Found a shadowy altar of Dithmenos.
 14035 | D:9      | Upgraded the game from 0.20-a0-32-gb8e7c72 to 0.20-a0-33-g996f6e0
 14253 | D:9      | Noticed a cyan ugly thing
 14321 | D:9      | Killed a cyan ugly thing
 14321 | D:9      | Reached skill level 10 in Fighting
 14535 | D:9      | Reached skill level 11 in Maces & Flails
 14977 | D:9      | Reached skill level 1 in Shields
 15224 | Lair:1   | Entered Level 1 of the Lair of Beasts
 15679 | Lair:1   | Reached skill level 1 in Dodging
 16137 | Lair:1   | Reached XP level 12. HP: 87/96 MP: 18/18
 16980 | Lair:1   | Reached skill level 5 in Dodging
 17823 | Lair:2   | Found a hole to the Spider Nest.
 18703 | Lair:2   | Reached skill level 12 in Maces & Flails
 18843 | Lair:2   | Reached skill level 5 in Shields
 19373 | Lair:3   | Noticed Snorg
 19392 | Lair:3   | Killed Snorg
 19457 | Lair:3   | Noticed an eight-headed hydra
 19471 | Lair:3   | Banished an eight-headed hydra
 19534 | Lair:3   | Reached XP level 13. HP: 87/108 MP: 19/19
 19972 | Lair:3   | Learned a level 1 spell: Summon Butterflies
 19974 | Lair:3   | Learned a level 1 spell: Apportation
 20028 | Lair:3   | yay
 20171 | Lair:3   | Reached skill level 1 in Spellcasting
 20171 | Lair:3   | Reached skill level 1 in Summonings
 20648 | Lair:4   | Noticed a five-headed hydra
 20662 | Lair:4   | Killed a five-headed hydra
 20734 | Lair:4   | Reached skill level 10 in Shields
 21029 | Lair:4   | Noticed Urug
 21053 | Lair:4   | Killed Urug
 21339 | Lair:4   | Noticed Harold
 21365 | Lair:4   | Killed Harold
 21761 | Lair:4   | crap
 21882 | Lair:4   | Reached skill level 5 in Evocations
 22265 | Lair:5   | Noticed a seven-headed hydra
 22280 | Lair:5   | Killed a seven-headed hydra
 22603 | Lair:5   | Reached XP level 14. HP: 110/116 MP: 20/20
 23170 | Lair:5   | Reached ****** piety under Lugonu
 23349 | Lair:6   | Entered Level 6 of the Lair of Beasts
 24032 | Lair:6   | Reached skill level 13 in Maces & Flails
 24038 | Lair:6   | Found a staircase to the Slime Pits.
 25151 | Lair:6   | Reached skill level 10 in Armour
 25912 | Lair:6   | Noticed a dire elephant
 25912 | Lair:6   | Noticed a dire elephant
 25935 | Lair:6   | Killed a dire elephant
 25948 | Lair:6   | Killed a dire elephant
 26239 | Lair:6   | Noticed a dire elephant
 26249 | Lair:6   | wat
 26261 | Lair:6   | Killed a dire elephant
 26272 | Lair:6   | Noticed a dire elephant
 26294 | Lair:6   | Killed a dire elephant
 26567 | Lair:4   | Noticed Josephine
 27652 | D:10     | Found a staircase to the Orcish Mines.
 27811 | D:10     | Learned a level 2 spell: Repel Missiles
 27814 | D:10     | Learned a level 2 spell: Swiftness
 28008 | D:10     | Reached XP level 15. HP: 125/125 MP: 21/21
 28046 | D:10     | Reached skill level 1 in Charms
 28411 | Orc:1    | Entered Level 1 of the Orcish Mines
 28594 | Orc:2    | Entered Level 2 of the Orcish Mines
 28840 | Orc:2    | Noticed Erolcha
 28870 | Orc:2    | Killed Erolcha
 28901 | Orc:2    | Found a roughly hewn altar of Beogh.
 28958 | Orc:2    | Found Zekhaib's Antique Weapon Boutique.
 29004 | Orc:2    | Noticed Sonja
 29022 | Orc:2    | Killed Sonja
 29277 | Orc:1    | Noticed an orc warlord
 29478 | Orc:2    | Found a roughly hewn altar of Beogh.
 30291 | Orc:1    | Killed an orc warlord
 30509 | Orc:1    | Noticed a stone giant
 30518 | Orc:1    | Killed a stone giant
 30702 | Orc:2    | Found a staircase to the Elven Halls.
 31048 | Orc:2    | Found a roughly hewn altar of Beogh.
 31151 | Orc:2    | Found Qabriducw's Assorted Antiques.
 31157 | Orc:2    | Bought a scroll of identify for 44 gold pieces
 31189 | Orc:2    | Found Elu Touvoati's Antique Weapon Shoppe.
 31198 | Orc:2    | Found a roughly hewn altar of Beogh.
 31591 | Orc:2    | Noticed Saint Roka
 31627 | Orc:2    | Banished Saint Roka
 31627 | Orc:2    | Reached skill level 5 in Spellcasting
 31627 | Orc:2    | Reached skill level 5 in Charms
 31627 | Orc:2    | Reached skill level 5 in Summonings
 31857 | Orc:2    | Found Ifias's Antique Armour Emporium.
 31858 | Orc:2    | Found a roughly hewn altar of Beogh.
 31863 | Orc:2    | Found Juog's Antique Weapon Shoppe.
 32107 | Orc:2    | Found a roughly hewn altar of Beogh.
 32179 | Orc:2    | Noticed an orc warlord
 32213 | Orc:2    | Killed an orc warlord
 32458 | Orc:2    | Bought a fine plate armour for 840 gold pieces
 32544 | Orc:2    | Identified the +8 plate armour of Hysteria {MR+ Dex+3} (You bought it in a shop on level 2 of the Orcish Mines)
 32544 | Orc:2    | nice
 32612 | Orc:2    | Bought a potion of agility for 88 gold pieces
 32612 | Orc:2    | Bought a pair of glowing gloves for 231 gold pieces
 32612 | Orc:2    | Bought an orange potion for 19 gold pieces
 32742 | D:11     | Reached skill level 1 in Throwing
 33413 | D:11     | Got a fine tin amulet
 33415 | D:11     | Identified the amulet "Wirezig" {Harm *Drain rElec} (You found it on level 11 of the Dungeon)
 33416 | D:11     | crap
 33675 | D:12     | Found Raetanto's Weapon Shoppe.
 34846 | D:13     | Reached skill level 5 in Throwing
 34861 | D:13     | Reached XP level 16. HP: 129/132 MP: 23/23
 35255 | D:13     | Noticed Frances
 35273 | D:13     | Killed Frances
 35400 | D:13     | Reached skill level 14 in Maces & Flails
 36301 | D:13     | :/
 38415 | D:14     | Upgraded the game from 0.20-a0-33-g996f6e0 to 0.20-a0-38-g7d30548
 38994 | D:14     | You fall through a shaft!
 38994 | D:15     | Entered Level 15 of the Dungeon
 39354 | D:14     | Got a steaming ring mail
 39538 | D:14     | Found a gate to the Vaults.
 39664 | D:15     | Reached XP level 17. HP: 139/139 MP: 24/24
 39709 | D:15     | Gained mutation: Your spells are a little easier to cast, but a little less powerful. [a neqoxec]
 39922 | D:15     | Found Sawk's Distillery.
 40015 | D:15     | Bought a potion of brilliance for 48 gold pieces
 40015 | D:15     | Bought a potion of heal wounds for 60 gold pieces
 40015 | D:15     | Bought a potion of agility for 48 gold pieces
 40015 | D:15     | Bought a potion of heal wounds for 60 gold pieces
 40015 | D:15     | Bought a potion of resistance for 120 gold pieces
 40015 | D:15     | Bought 2 potions of cancellation for 192 gold pieces
 40111 | D:15     | Found Laizazuit's Serpentskin Sales.
 40346 | D:15     | Found a staircase to the Depths.
 41436 | Lair:2   | Gained mutation: Your system is resistant to poisons. (rPois) [potion of beneficial mutation]
 41719 | Spider:1 | Entered Level 1 of the Spider Nest
 42007 | Spider:1 | Reached skill level 15 in Maces & Flails
 42205 | Spider:1 | Noticed Kirke
 42231 | Spider:1 | Killed Kirke
 42532 | Spider:1 | Noticed Oozefury's ghost (adept FoWr)
 42576 | Spider:1 | Killed Oozefury's ghost
 44233 | Spider:2 | Noticed Roxanne
 44537 | Spider:2 | Reached skill level 10 in Invocations
 44539 | Spider:2 | Reached XP level 18. HP: 103/148 MP: 25/25
 45713 | Spider:3 | Reached skill level 16 in Maces & Flails
 45777 | Spider:3 | Reached skill level 15 in Fighting
 46850 | Spider:4 | Entered Level 4 of the Spider Nest
 48578 | Spider:4 | Reached skill level 10 in Dodging
 49281 | Spider:4 | Reached XP level 19. HP: 126/155 MP: 27/27
 49829 | Spider:4 | Identified a scroll of acquirement
 49833 | Spider:4 | wow, lame
 50004 | Spider:4 | Corrupted Spider:4
 50010 | Spider:4 | Noticed a lich
 50020 | Spider:4 | Noticed a hellephant
 50547 | Spider:4 | Reached skill level 17 in Maces & Flails
 50606 | Spider:4 | Got a gossamer rune of Zot
 50707 | Spider:4 | Identified a +4 dire flail of distortion (a +2 dire flail of venom corrupted by Lugonu)
 50707 | Spider:4 | Received a gift from Lugonu
 51192 | Vaults:1 | Entered Level 1 of the Vaults
 51501 | Vaults:1 | Noticed Nikola
 51517 | Vaults:1 | Killed Nikola
 52807 | Vaults:1 | Noticed Donald
 52866 | Vaults:1 | Killed Donald
 52888 | Vaults:1 | lame
 52913 | Vaults:1 | Gained mutation: Your body sometimes deteriorates upon taking damage. [a shining eye]
 53828 | Vaults:2 | Reached XP level 20. HP: 160/164 MP: 29/29
 53994 | Vaults:2 | Reached skill level 15 in Armour
 54877 | Vaults:2 | Reached skill level 18 in Maces & Flails
 55261 | Vaults:2 | Found Hautikodgh's Antique Armour Shoppe.
 55268 | Vaults:2 | Bought a runed large shield for 357 gold pieces
 55268 | Vaults:2 | Bought a pair of transparent gloves for 323 gold pieces
 55282 | Vaults:2 | Identified the -3 pair of gloves of the Manifold Wonders {-Tele rF+++ Dex+2} (You bought it in a shop on level 2 of the Vaults)
 55618 | Vaults:2 | Got a faintly glowing triple crossbow
 55619 | Vaults:2 | Identified the +9 triple crossbow "Vaikh" {venom, rElec Str+4 Int-5 Stlth+} (You found it on level 2 of the Vaults)
 55896 | Vaults:3 | Demolished by a vault warden

Vault maps used:
D:1:      roderic_dead_forest, minmay_pentomino_r2
D:2:      tgw_xom
D:3:      minmay_door_path, zin_purify, elyvilon_altar_5, uniq_jessica
D:4:      lemuel_coloured_pillars_altar, first_bread, minmay_unequal
D:6:      tgw_sif, serial_shops, nicolae_shop_window_shopping
D:7:      lemuel_crystal_altar, eat_drink_and_be_merry_uskayaw,
          grunt_temple_overflow_open
D:8:      basic_altar
D:9:      nicolae_dithmenos_shadow_blocks, erik_lair_orcish_takeover
D:10:     erik_orc_4, hangedman_ranch
D:11:     hangedman_screamer
D:12:     serial_shops, shop, serial_glass, glass_columns_a, glass_columns_a
D:13:     four-leaf_vault, kennysheep_decorative_pillar, minmay_the_grid_4x2,
          uniq_frances
D:14:     david_vaults_4
D:15:     hangedman_depths_entry_try_elsewhere_first, grunt_decor_fettered,
          serial_shops, shop, minmay_liquid_box, guppyfry_shop_venom
Lair:2:   spider_nest_entry_rubble, beast_lair_carwin_6,
          infiniplex_staircase_pool_2
Lair:3:   infiniplex_staircase_pool, uniq_snorg
Lair:4:   minmay_swamp_entry_worms, st_stairs_11, nicolae_quartered_pool_medium,
          minivault_11, uniq_urug, uniq_harold, uniq_josephine
Lair:6:   due_jungle_book, dpeg_slime_entry_corner, st_stairs_7
Spider:1: spiders_nest_hornet_nest, uniq_kirke
Spider:2: uniq_roxanne
Spider:4: spider_rune_water, nicolae_spider_shape
Orc:2:    grunt_orc_community_town_hall, grunt_orc_community_big_house_2,
          grunt_orc_community_big_house_2, grunt_orc_community_house_2,
          grunt_orc_community_house_2, grunt_orc_community_house_1,
          grunt_orc_community_house_3, serial_shops, shop, basic_altar,
          uniq_erolcha, uniq_sonja
Vaults:1: st_smaller_cells, v_misc_25, v_alt_pattern_1, hangedman_vaults_trim,
          vaults_room_door_hall, grunt_vaults_diagonal, v_misc_24,
          nicolae_vaults_little_squares_4, nicolae_vaults_gold_heap,
          nicolae_vaults_network_square, serial_ice_b,
          nicolae_vaults_little_squares_5, uniq_nikola, uniq_donald,
          uniq_saint_roka
Vaults:2: nicolae_vaults_yaktaur_gun_rack, v_misc_25,
          vaults_room_grunt_arrival_checkpoint, hangedman_vaults_corner,
          nicolae_vaults_windows_and_doors_thing, vaults_dpeg_spiral,
          ontoclasm_vaults_loading_screen, nicolae_vaults_circle_grid_a,
          serial_shops, shop
Vaults:3: vaults_dpeg_cross, v_misc_11, minmay_crypt_entry_necro_gods,
          vaults_room_corners, hangedman_vaults_variations,
          nicolae_vaults_big_ls, vaults_room_fancy_cross, v_misc_5,
          vaults_dpeg_ring, vaults_dpeg_encased_lava, basic_altar,
          uniq_frederick
Abyss:1:  evilmike_abyss_exit_vortex

Skill      XL: |  1  2  3  4  5  6  7  8  9 10 11 12 13 14 15 16 17 18 19 20 |
---------------+-------------------------------------------------------------+-----
Maces & Flails | 3 4 5 6 7 9 11 12 13 14 15 16 17 18 | 18.0
Fighting       | 4 5 8 10 12 13 14 15 16 | 16.3
Armour         | 4 7 8 10 12 13 14 15 | 15.1
Invocations    | 8 9 10 11 12 | 12.9
Shields        | 4 5 10 | 10.7
Dodging        | 3 5 7 9 10 11 | 11.0
Spellcasting   | 1 5 |  5.2
Summonings     | 1 5 |  5.2
Evocations     | 5 6 |  6.6
Charms         | 5 |  5.1
Throwing       | 5 |  5.2

Action                   |  1- 3 |  4- 6 |  7- 9 | 10-12 | 13-15 | 16-18 | 19-21 || total
-------------------------+-------+-------+-------+-------+-------+-------+-------++-------
Melee: Mace              |   140 |   155 |   320 |       |       |       |       ||   615
       Dire flail        |       |       |    96 |   844 |  1163 |  1886 |   233 ||  4222
       Eveningstar       |       |       |       |       |   473 |       |       ||   473
       Great mace        |       |       |       |       |       |   103 |   461 ||   564
 Fire: Blowgun           |       |       |    60 |     3 |       |    76 |    42 ||   181
       Shortbow          |       |       |       |       |     4 |       |       ||     4
Throw: Stone             |     9 |     9 |    31 |    27 |    17 |     2 |       ||    95
       Tomahawk          |       |       |       |       |    71 |   147 |   109 ||   327
       Javelin           |       |       |       |       |       |    30 |       ||    30
 Cast: Repel Missiles    |       |       |       |       |     2 |     3 |     3 ||     8
       Summon Butterflie |       |       |       |       |       |    10 |     6 ||    16
Invok: Depart the Abyss  |     1 |       |       |       |       |       |       ||     1
       Bend Space        |       |       |     3 |       |       |       |     5 ||     8
       Banish            |       |       |     2 |     4 |     2 |     2 |     9 ||    19
       Corrupt           |       |       |       |       |       |       |     1 ||     1
       Brand Weapon With |       |       |       |       |       |       |     1 ||     1
 Abil: Dig               |     3 |     4 |    26 |    43 |    87 |    94 |     1 ||   258
       Shaft Self        |       |       |       |     1 |       |       |       ||     1
Evoke: Wand              |       |       |       |       |    18 |     2 |       ||    20
  Use: Scroll            |     2 |     4 |     1 |    12 |     9 |    15 |     4 ||    47
       Potion            |       |       |       |     3 |     3 |     6 |     1 ||    13
 Stab: Invisible         |       |       |       |     1 |       |       |       ||     1
       Distracted        |       |       |       |       |     1 |       |       ||     1
  Eat: Chunk             |     4 |    13 |    35 |    50 |    47 |    42 |    16 ||   207
       Bread ration      |       |       |     1 |     1 |       |       |     1 ||     3
       Royal jelly       |       |       |       |       |     2 |       |     1 ||     3
       Meat ration       |       |       |       |       |     1 |     4 |       ||     5
       Fruit             |       |       |       |       |       |     3 |     1 ||     4
       Pizza             |       |       |       |       |       |       |     1 ||     1
Armor: Leather armour    |    38 |     3 |       |       |       |       |       ||    41
       Plate armour      |       |    75 |   261 |   376 |   310 |   666 |   189 ||  1877
       Skin              |       |       |       |       |    12 |     2 |       ||    14
Dodge: Dodged            |    91 |    44 |   112 |   186 |   232 |   432 |   177 ||  1274
       Deflected         |       |       |       |       |     3 |     7 |    16 ||    26
Block: Buckler           |       |       |    28 |    45 |       |       |       ||    73
       Shield            |       |       |       |    98 |   720 |  1182 |   412 ||  2412
       Reflection        |       |       |       |       |    37 |     9 |    44 ||    90
       Large shield      |       |       |       |       |       |       |    39 ||    39
